 Dungeon Crawl Stone Soup version 0.28.0-43-g3370ac3207 (webtiles) character file.

Game seed: 7216350569015954779

9976 Pinkishskies the Thaumaturge (level 11, -3/67 HPs)
             Began as a Djinni Fire Elementalist on Mar 9, 2022.
             Was a Believer of Makhleb.
             Slain by a cane toad (18 damage)
             ... on level 2 of the Lair of Beasts.
             The game lasted 01:20:30 (11312 turns).

Pinkishskies the Thaumaturge (DjFE)                Turns: 11312, Time: 01:20:31

Health: -3/67      AC:  8    Str:  7    XL:     11   Next: 84%
Gold:   485        EV: 12    Int: 23    God:    Makhleb [**....] SH:  9 Dex: 15

rFire   + + .      SeeInvis .   y - staff of earth
rCold   + . .      Faith    .   d - +0 kite shield
rNeg    . . .      Spirit   .   B - +1 robe of the Orb {Fly rC++ Will+ Int+3}
rPois   ∞          Reflect  .   c - +0 helmet
rElec   .          Harm     .   n - +0 cloak
rCorr   .          Rampage  .   D - +2 pair of gloves
Will    ++...                   (boots unavailable)
Stlth   +++.......              l - amulet of regeneration
HPRegen 1.01/turn               (no ring)
MPRegen 0.00/turn               (no ring)

@: flying, hasted, studying Fighting, very quick
A: sickness immunity, fire resistance 2, cold vulnerability 1, float, innate
caster, HP casting, extra vitality 1
a: Renounce Religion, Minor Destruction


You were on level 2 of the Lair of Beasts.
You worshipped Makhleb.
Makhleb was pleased with you.
You visited 3 branches of the dungeon, and saw 13 of its levels.
You also visited: Bailey.

You collected 657 gold pieces.
You spent 172 gold pieces at shops.

Inventory:

Hand Weapons
 f - a +0 dagger
 m - a +0 dagger
Missiles
 u - 4 throwing nets
Armour
 a - a +0 robe
 c - a +0 helmet (worn)
 d - a +0 kite shield (worn)
 n - a +0 cloak (worn)
 s - a +0 leather armour
 B - the +1 robe of the Orb (worn) {Fly rC++ Will+ Int+3}
   (You bought it in a shop on level 3 of the Dungeon)

   Int:       It affects your intelligence (+3).
   rC:        It greatly protects you from cold.
   Fly:       It grants you flight.
   Will:      It increases your willpower.
 D - a +2 pair of gloves (worn)
 G - +0 steam dragon scales
 N - +0 acid dragon scales
Magical Staves
 y - a staff of earth (weapon)
Jewellery
 l - an amulet of regeneration (around neck)
 S - a +6 ring of strength
Wands
 r - a wand of flame (37)
 w - a wand of digging (15)
 E - a wand of charming (7)
 H - a wand of mindburst (1)
 K - a wand of polymorph (9)
 M - a wand of paralysis (5)
 R - a wand of iceblast (7)
Scrolls
 e - 4 scrolls of acquirement
 h - 2 scrolls of vulnerability
 j - 6 scrolls of teleportation
 p - 2 scrolls of amnesia {unknown}
 t - 2 scrolls of noise
 z - 2 scrolls of fear
 A - 4 scrolls of brand weapon
 C - 2 scrolls of torment {unknown}
 J - a scroll of summoning {unknown}
 L - 2 scrolls of magic mapping {unknown}
 O - 3 scrolls of identify
 Q - a scroll of enchant armour {unknown}
 T - a scroll of silence {unknown}
Potions
 b - a potion of berserk rage {unknown}
 g - 4 potions of might {unknown}
 i - 3 potions of degeneration
 k - 2 potions of attraction
 o - 2 potions of curing
 q - 5 potions of haste
 v - a potion of cancellation {unknown}
 x - 3 potions of mutation {unknown}
 I - a potion of magic {unknown}
 P - a potion of invisibility {unknown}
Miscellaneous
 F - a tin of tremorstones (2/2)


   Skills:
 + Level 1.3 Fighting
 + Level 0.5 Short Blades
 + Level 4.5 Dodging
 + Level 4.2 Stealth
 + Level 4.4 Shields
 + Level 0.2 Unarmed Combat
 + Level 12.6 Spellcasting
 + Level 1.0 Evocations


You had 9 spell levels left.
You knew the following spells:

 Your Spells              Type           Power      Damage    Failure   Level
a - Foxfire               Conj/Fire      100%       2x1d9     1%          1
b - Scorch                Fire           100%       2d10      1%          2
c - Conjure Flame         Conj/Fire      64%        6-21      1%          3
d - Inner Flame           Hex/Fire       64%        N/A       1%          3
e - Flame Wave            Conj/Fire      64%        2d12      1%          4
f - Pain                  Necr           100%       1d9       1%          1
g - Wereblood             Tmut           64%        N/A       1%          2
h - Frozen Ramparts       Ice            100%       1d12      1%          3
i - Stone Arrow           Conj/Erth      100%       3d13      1%          3
j - Olgreb's Toxic Radia  Pois           64%        N/A       1%          4
Your spell library was empty.

Dungeon Overview and Level Annotations

Branches:
Dungeon (10/15)            Temple (1/1) D:7            Lair (2/6) D:10
 Bailey (visited)
  Swamp: Lair:2-4    Shoals: Lair:2-4     Snake: Lair:2-4    Spider: Lair:2-4
    Orc: D:9-12

Altars:
Ashenzari
Cheibriados
Dithmenos
Elyvilon
Fedhas
Gozag
Hepliaklqana
Kikubaaqudgha
Makhleb
Nemelex Xobeh
Okawaru
Qazlal
Ru
Sif Muna
Trog
Uskayaw
Vehumet
Wu Jian
Xom
Yredelemnul
Zin
The Shining One

Shops:
D:1 (   D:3 [   D:6 **   D:10 =

Annotations:
D:4 3 runed translucent doors, GraveyardiganJr's ghost, novice HuWn
D:8 exclusion: ice statue, Maggie
Lair:1 1 runed translucent door, croobank's ghost, novice FeDe


Innate Abilities, Weirdness & Mutations

You are immune to sickness and miasma.
You are immune to poison.
Your flesh is very heat resistant. (rF++)
You are vulnerable to cold. (rC-)
You float through the air rather than walking.
You learn spells naturally, not from books.
Your magical power is your life essence.
You have superior vitality. (+4 MHP)


Message History

You feel better.
You feel a surge of power!
The stone arrow hits the river rat!
The river rat is almost dead.
You feel a surge of power!
The stone arrow hits the river rat!
You kill the river rat!
Makhleb accepts your kill.
You feel a surge of power!
The stone arrow hits the rat!
You kill the rat!
Makhleb accepts your kill.
You feel better.
You now have 429 gold pieces (gained 13).
You now have 442 gold pieces (gained 13).
Found 19 gold pieces.
You see here a river rat corpse.
You now have 466 gold pieces (gained 24).
A cane toad comes into view.
You see here 19 gold pieces.
You see here 19 gold pieces.
You now have 485 gold pieces (gained 19).
The cane toad gives a loud, deep croak!
You hear a shout!
A naga comes into view. It is wielding a +0 dire flail.
A naga comes into view. It is wielding a +0 mace.
The naga spits poison at you.
The splash of poison hits you but does no damage.
You resist.
You hear a shout!
You feel a surge of power!
The stone arrow hits the cane toad!!
The cane toad is severely wounded.
You feel a surge of power!
The stone arrow misses the cane toad.
The cane toad stings you!!
You feel a surge of power!
The stone arrow hits the cane toad!
The cane toad is almost dead.
The cane toad stings you!
A naga comes into view. It is wielding a +0 halberd.
You are too injured to fight recklessly!
You block the cane toad's attack. The cane toad stings you!!
* * * LOW HITPOINT WARNING * * *
You feel yourself speed up. The cane toad stings you!!
You die...

....... #....##
..+
.P###...#....#
.. ##..##†.## .
#....#.#### ..
#†....+ ...
##....# ....
#...## N....
#..##
#...##@######..
#..NNF.........
#.........#.###
....#.#P#P###
### #######


You could see a cane toad and 2 nagas.

Vanquished Creatures
  A two-headed ogre (D:10)
  Joseph (D:7)
  A black mamba (Lair:2)
  A cane toad (Lair:1)
  A hornet (D:10)
  2 blink frogs
  A shadow (D:9)
  9 yaks
  3 wyverns
  A basilisk (Lair:1)
  2 steam dragons
  Eustachio (D:4)
  3 acid dragons (D:9)
  4 water moccasins
  12 orc warriors
  2 ogres (D:6)
  2 sky beasts
  2 necrophages
  12 centaurs
  2 kobold brigands
  4 bullfrogs
  3 scorpions
  A wyvern zombie (D:9)
  A wyvern skeleton (D:6)
  6 killer bees
  2 howler monkeys (D:8)
  7 wights
  2 jellies (D:7)
  3 bullfrog skeletons
  3 orc priests
  7 orc wizards
  2 hell rats (Lair:2)
  2 howler monkey zombies
  Robin (D:3)
  7 adders
  8 gnolls
  2 howler monkey skeletons (D:7)
  2 river rats (Lair:2)
  2 shadow imps
  3 white imps
  An adder skeleton (D:4)
  2 worms
  A dart slug (D:1)
  36 orcs
  4 ball pythons
  5 endoplasms
  8 giant cockroaches
  22 goblins
  12 hobgoblins
  3 quokkas
  7 bats
  2 frilled lizards (D:1)
  16 kobolds
  A kobold zombie (D:8)
  An orc zombie (D:8)
  12 rats
264 creatures vanquished.

Vanquished Creatures (others)
  494 foxfires
  2 fungi
  9 plants
505 creatures vanquished.

Grand Total: 769 creatures vanquished

Notes
Turn   | Place    | Note
-------+----------+-------------------------------------------
     0 | D:1      | Pinkishskies the Djinni Fire Elementalist began the quest
                  | for the Orb.
     0 | D:1      | Reached XP level 1. HP: 15/15 MP: 0/0
    79 | D:1      | Reached XP level 2. HP: 8/21 MP: 0/0
   529 | D:1      | Reached skill level 3 in Spellcasting
   628 | D:1      | Reached XP level 3. HP: 23/25 MP: 0/0
   628 | D:1      | Learned a level 1 spell: Pain
  1406 | D:1      | Found Gizozil's Weapon Emporium.
  2094 | D:2      | Reached XP level 4. HP: 26/31 MP: 0/0
  2810 | D:3      | Noticed Robin
  2825 | D:3      | Killed Robin
  2853 | D:3      | Reached XP level 5. HP: 4/35 MP: 0/0
  2853 | D:3      | Learned a level 2 spell: Wereblood
  3138 | D:3      | Reached skill level 4 in Spellcasting
  3196 | D:3      | Found Litem's Antique Armour Emporium.
  3297 | D:3      | Reached XP level 6. HP: 38/40 MP: 0/0
  3666 | D:4      | Noticed a necrophage
  3682 | D:4      | Killed a necrophage
  3706 | D:4      | Noticed a water moccasin
  3725 | D:4      | Killed a water moccasin
  3726 | D:4      | Reached skill level 5 in Spellcasting
  3726 | D:4      | Reached XP level 7. HP: 2/46 MP: 0/0
  3726 | D:4      | Learned a level 3 spell: Frozen Ramparts
  3854 | D:4      | Noticed Eustachio
  3870 | D:4      | Killed Eustachio
  4329 | D:4      | Reached skill level 6 in Spellcasting
  4329 | D:4      | Reached XP level 8. HP: 49/51 MP: 0/0
  4334 | D:4      | Found a runed translucent gate.
  4350 | D:4      | Found a runed translucent gate.
  4352 | D:4      | Found a runed translucent gate.
  4386 | D:4      | Noticed GraveyardiganJr's ghost (novice HuWn)
  4881 | D:5      | Entered Level 5 of the Dungeon
  5895 | D:3      | Bought a faintly humming robe for 142 gold pieces
  5895 | D:3      | Identified the +1 robe of the Orb {Fly rC++ Will+ Int+3}
                  | (You bought it in a shop on level 3 of the Dungeon)
  6015 | D:6      | Reached skill level 1 in Shields
  6015 | D:6      | Reached skill level 7 in Spellcasting
  6074 | D:6      | Reached XP level 9. HP: 56/56 MP: 0/0
  6074 | D:6      | Learned a level 3 spell: Stone Arrow
  6789 | D:6      | Found Tagauloy's Specific Store.
  6793 | D:6      | Found Haish's General Store.
  6805 | D:6      | Bought a scroll of identify for 30 gold pieces
  7142 | D:7      | Reached skill level 8 in Spellcasting
  7197 | D:7      | Found a flagged portal.
  7266 | D:7      | Noticed Joseph
  7355 | Bailey   | Entered a bailey
  7698 | Bailey   | Reached skill level 9 in Spellcasting
  7702 | Bailey   | Reached XP level 10. HP: 38/61 MP: 0/0
  7715 | Bailey   | Reached skill level 1 in Fighting
  7715 | Bailey   | Reached skill level 1 in Evocations
  7905 | Bailey   | Reached skill level 10 in Spellcasting
  8223 | D:7      | Found a staircase to the Ecumenical Temple.
  8302 | D:7      | Killed Joseph
  8371 | Temple   | Entered the Ecumenical Temple
  8676 | Temple   | Became a worshipper of Makhleb the Destroyer
  8910 | D:8      | Noticed Maggie
  8975 | D:8      | Noticed an ice statue
  9306 | D:8      | Found a hide-covered altar of Uskayaw.
  9306 | D:8      | Noticed a +0 dagger
  9306 | D:8      | Noticed a +0 hand axe
  9542 | D:9      | Reached * piety under Makhleb
  9547 | D:9      | Reached skill level 11 in Spellcasting
  9547 | D:9      | Reached XP level 11. HP: 50/67 MP: 0/0
  9547 | D:9      | Learned a level 4 spell: Olgreb's Toxic Radiance
  9901 | D:9      | Found a sacrificial altar of Ru.
 10101 | D:10     | Entered Level 10 of the Dungeon
 10308 | D:10     | Found Fitucry's Jewellery Emporium.
 10384 | D:10     | Reached skill level 12 in Spellcasting
 10412 | D:10     | Noticed a two-headed ogre
 10418 | D:10     | Killed a two-headed ogre
 10435 | D:10     | Found a staircase to the Lair.
 10554 | D:10     | Found a white marble altar of Elyvilon.
 10715 | D:10     | Noticed a two-headed ogre
 10840 | Lair:1   | Entered Level 1 of the Lair of Beasts
 11020 | Lair:1   | Noticed a four-headed hydra
 11073 | Lair:1   | Found a runed translucent door.
 11077 | Lair:1   | Found a shimmering altar of Xom.
 11077 | Lair:1   | Noticed croobank's ghost (novice FeDe)
 11078 | Lair:1   | Noticed a +0 morningstar of chaos
 11259 | Lair:2   | Reached ** piety under Makhleb
 11312 | Lair:2   | Slain by a cane toad

Illustrated notes

Levels and vault maps discovered:
D:1:      dpeg_arrival_chambers_temple_mockup, layout_basic, serial_shops, shop,
          minmay_worlds_worst_comb
D:2:      layout_basic
D:3:      layout_loops_ring, serial_shops, nicolae_square_shop, uniq_robin
D:4:      layout_loops_ring, gammafunk_ghost_icy, uniq_eustachio
D:5:      layout_loops_cross, cheibrodos_sewer_entry_bend
D:6:      layout_gridville, nicolae_specific_store,
          hangedman_abyss_or_decor_jellyfish_corner
D:7:      layout_rooms, temple_statues, enter_bailey_5, uniq_joseph
D:8:      lemuel_ice_statue, layout_rooms, dancing_weapons_uskayaw,
          minmay_mini_ossuary, uniq_maurice, uniq_maggie, uniq_erica
D:9:      layout_small_grid, nicolae_ru_the_path_less_chosen
D:10:     layout_basic, nicolae_overflow_crystal_walls,
          grunt_lair_entry_orc_guard_hut, serial_shops, shop_fountains,
          hangedman_abyss_or_decor_stagger
Temple:   mainiacjoe_temple_bowtie_tessellation
Lair:1:   layout_cave_pods, ebering_ghost_xom
Lair:2:   layout_concentric_octagons, minmay_snake_entry_guardpost_small,
          kennysheep_abandoned_house

Skill      XL: |  1  2  3  4  5  6  7  8  9 10 11 |
---------------+----------------------------------+-----
Spellcasting   | 3 4 5 6 7 9 11 12 | 12.6
Dodging        | 3 4 |  4.5
Stealth        | 2 3 4 |  4.2
Shields        | 1 3 4 |  4.4
Fighting       | 1 |  1.3
Evocations     | 1 |  1.0
Short Blades   | |  0.5
Unarmed Combat | |  0.2

Action                   |  1- 3 |  4- 6 |  7- 9 | 10-12 || total
-------------------------+-------+-------+-------+-------++-------
Melee: Dagger            |    19 |     9 |     6 |       ||    34
       Punch             |     2 |       |       |       ||     2
       Unarmed           |     1 |       |       |       ||     1
       Staff             |       |       |     1 |     1 ||     2
 Cast: Foxfire           |    45 |    24 |   112 |   143 ||   324
       Scorch            |     7 |    62 |    42 |       ||   111
       Conjure Flame     |     1 |       |     2 |     3 ||     6
       Inner Flame       |       |       |     6 |     1 ||     7
       Stone Arrow       |       |       |    47 |   153 ||   200
       Olgreb's Toxic Ra |       |       |       |    16 ||    16
Evoke: Wand              |       |       |     3 |     2 ||     5
  Use: Scroll            |       |     1 |     5 |     3 ||     9
       Potion            |       |       |       |     5 ||     5
 Stab: Sleeping          |       |       |     1 |       ||     1
Armor: Robe              |    15 |     8 |    12 |     8 ||    43
Dodge: Dodged            |    27 |    28 |    30 |    42 ||   127
Block: Kite shield       |       |     8 |    22 |    31 ||    61
